 Dungeon Crawl Stone Soup version 0.29.1-1-gd02db6906a (webtiles) character file.

Game seed: 2362236173518113340

511 avis the Shooter (level 6, 0/51 HPs)
             Began as a Demigod Hunter on Sept 23, 2022.
             Slain by Duvessa
             ... wielding a +0 short sword
              (10 damage)
             ... on level 4 of the Dungeon.
             The game lasted 00:27:57 (4046 turns).

avis the Shooter (Demigod Hunter)                   Turns: 4046, Time: 00:27:58

Health: 0/51       AC:  4    Str: 12    XL:     6   Next: 66%
Magic:  8/8        EV: 12    Int: 11    God:
Gold:   98         SH:  0    Dex: 25    Spells: 3/5 levels left

rFire   . . .      SeeInvis .   b - +2 dagger (speed)
rCold   . . .      Faith    .   (no shield)
rNeg    . . .      Spirit   .   c - +0 leather armour
rPois   .          Reflect  .   f - +0 helmet
rElec   .          Harm     .   (no cloak)
rCorr   .          Rampage  .   (no gloves)
Will    .....                   (no boots)
Stlth   ++........              (no amulet)
HPRegen 0.17/turn               l - ring of wizardry
MPRegen 0.11/turn               (no ring)

@: no status effects
A: high MP 1, forlorn, divine attributes
a: no special abilities


You were on level 4 of the Dungeon.
You visited 1 branch of the dungeon, and saw 4 of its levels.

You collected 98 gold pieces.

Inventory:

Hand Weapons
 a - a +0 shortbow
 b - a +2 dagger of speed (weapon)
 v - a +0 short sword
 w - a +1 morningstar of freezing
 z - a +0 sling
Missiles
 e - 3 poisoned darts
 t - 3 silver boomerangs
 y - 5 boomerangs
Armour
 c - a +0 leather armour (worn)
 f - a +0 helmet (worn)
Jewellery
 l - a ring of wizardry (left hand)
 r - a ring of resist corrosion
Scrolls
 d - a scroll of immolation
 h - 2 scrolls of identify {unknown}
 m - 3 scrolls of fear {unknown}
 n - 2 scrolls of noise {unknown}
 q - a scroll of vulnerability {unknown}
 s - a scroll of poison {unknown}
 u - a scroll of brand weapon {unknown}
 x - a scroll of teleportation {unknown}
 A - a scroll of silence {unknown}
Potions
 g - 3 potions of curing {unknown}
 i - a potion of haste {unknown}
 j - a potion of lignification {unknown}
 k - a potion of heal wounds {unknown}
 o - a potion of degeneration {unknown}
 p - 2 potions of cancellation {unknown}


   Skills:
 + Level 3.0 Fighting
 * Level 7.0 Ranged Weapons
 - Level 2.0 Dodging
 - Level 2.0 Stealth


You had 3 spell levels left.
You knew the following spells:

 Your Spells              Type           Power      Damage    Failure   Level
a - Blink                 Tloc           0%         N/A       26%         2

Your spell library contained the following spells:

 Spells                   Type           Power      Damage    Failure   Level
 Necrotise                Necr           0%         1d4       17%         1
 Lesser Beckoning         Tloc           0%         N/A       45%         3
 Vampiric Draining        Necr           0%         2d6       45%         3
 Agony                    Necr           0%         N/A       99%         5
 Freezing Cloud           Conj/Ice/Air   0%         6-21      99%         5
 Manifold Assault         Tloc           0%         N/A       99%         5
 Simulacrum               Ice/Necr       0%         N/A       100%        6
 Polar Vortex             Ice            0%         N/A       100%        9


Dungeon Overview and Level Annotations

Branches:
Dungeon (4/15)
 Temple: D:4-7

Annotations:
D:4 exclusion: water moccasin, Dowan, Duvessa


Innate Abilities, Weirdness & Mutations

You have an increased reservoir of magic. (+10% MP)
You shall have no god before yourself.
Your divine heritage dramatically boosts your attributes as you level up.


Message History

Press: ? - help, Q - select action, (/) - cycle Shift-Dir - straight line, f/p - goblin
Aim: a goblin, wielding a +0 club (62% to hit)
You shoot an arrow. The arrow hits the goblin.
You kill the goblin!
Duvessa, Sister of Dowan comes into view.
She is wielding a +0 short sword.
Found a dagger.
Dowan, Brother of Duvessa comes into view.
He is wielding a +0 dagger.
You see here a +0 club.
Fire: a) +0 shortbow
Press: ? - help, Q - select action, (/) - cycle Shift-Dir - straight line, f - Duvessa
Aim: Duvessa, wielding a +0 short sword and wearing a +0 leather armour (71% to hit)
You shoot an arrow.
The arrow hits Duvessa but does no damage.
Your hands tingle!
b - a +2 dagger of speed (weapon)
You hit Duvessa.
Duvessa is lightly wounded.
Duvessa hits you with a +0 short sword!
You hit Duvessa but do no damage.
Duvessa is lightly wounded.
Duvessa hits you but does no damage.
You hit Duvessa.
Duvessa is lightly wounded.
You hit Duvessa.
Duvessa is moderately wounded.
Duvessa hits you with a +0 short sword!
You hit Duvessa but do no damage.
Duvessa is moderately wounded.
You barely miss Duvessa.
Duvessa is moderately wounded.
Duvessa says, "I don't care about looks, I care about technique!"
Duvessa closely misses you.
You hit Duvessa but do no damage.
Duvessa is moderately wounded.
Duvessa hits you with a +0 short sword. Duvessa attacks as you move away!
Duvessa hits you with a +0 short sword! Duvessa attacks as you move away!
Duvessa hits you with a +0 short sword!
* * * LOW HITPOINT WARNING * * *
Duvessa attacks as you move away! Duvessa hits you with a +0 short sword!
You die...

######..#
#..#..####.##.#. ##.#
#..#.## ##.#... #.#
#....# .#..# #.#
#....# .#.(# #.#
####.# .#..# #.# #.#
.#.## #.# #.## ##.#
#.########..######..#
##.##>@e............#
#..##.#######.#..#..#
#.###.# #......## #.#
#<# ###.#### #.# #.#
#.# ######.###.# #.#
#...)..##..# #.#
.....####)#†..# #..
..............# ###


You could see Duvessa.

Vanquished Creatures
  An ogre (D:4)
  A scorpion (D:4)
  2 orc priests (D:3)
  2 orc wizards (D:3)
  Natasha (thrice) (D:3)
  6 adders
  3 worms
  4 dart slugs
  15 orcs
  6 bats
  5 endoplasms
  16 giant cockroaches
  9 goblins
  5 hobgoblins
  4 jackals (D:1)
  3 quokkas
  6 ball pythons
  2 frilled lizards
  6 kobolds
  2 rats
101 creatures vanquished.

Vanquished Creatures (others)
  A plant (D:4)
1 creature vanquished.

Grand Total: 102 creatures vanquished

Notes
Turn   | Place    | Note
-------+----------+-------------------------------------------
     0 | D:1      | avis the Demigod Hunter began the quest for the Orb.
     0 | D:1      | Reached XP level 1. HP: 17/17 MP: 3/3
   254 | D:1      | Reached XP level 2. HP: 24/24 MP: 4/4
   260 | D:1      | Reached skill level 4 in Ranged Weapons
   742 | D:1      | Reached XP level 3. HP: 13/29 MP: 5/5
  1392 | D:2      | Learned a level 2 spell: Blink
  1589 | D:2      | Reached XP level 4. HP: 37/37 MP: 6/6
  2090 | D:3      | Reached skill level 5 in Ranged Weapons
  2334 | D:3      | Noticed Natasha
  2339 | D:3      | Killed Natasha
  2340 | D:3      | Reached XP level 5. HP: 43/45 MP: 7/7
  2376 | D:3      | Noticed Natasha
  2385 | D:3      | Killed Natasha
  2386 | D:3      | Reached skill level 1 in Stealth
  3097 | D:3      | Reached skill level 6 in Ranged Weapons
  3334 | D:3      | Noticed Natasha
  3336 | D:3      | Killed Natasha
  3337 | D:3      | Reached XP level 6. HP: 51/51 MP: 8/8
  3912 | D:4      | Noticed a water moccasin
  3979 | D:4      | Reached skill level 7 in Ranged Weapons
  3999 | D:4      | Noticed Duvessa
  4003 | D:4      | Noticed Dowan
  4046 | D:4      | Slain by Duvessa

Illustrated notes

Levels and vault maps discovered:
D:1:      evilmike_arrival_hilbert_curve, layout_rooms
D:2:      layout_rooms, basic_altar, hangedman_abyss_or_decor_lesser_grid,
          minmay_misc_feat_alley
D:3:      minmay_roachtagon, layout_loops_corners,
          nicolae_dithmenos_through_a_glass_darkly,
          ebering_ecumenical_altar_sacrificial, st_stairs_12,
          grunt_ministairs_10, uniq_natasha
D:4:      cheibrodos_old_hovel, layout_loops_ring, chei_slow_surprise,
          mainiacjoe_overflow_catwalk, serial_bayou_ford_a, minmay_pentangle,
          uniq_duvessa

Skill      XL: |  1  2  3  4  5  6 |
---------------+-------------------+-----
Fighting       | 2 3 |  3.0
Ranged Weapons | 4 5 6 7 |  7.0
Dodging        | 2 |  2.0
Stealth        | 2 |  2.0

Action                   |  1- 3 |  4- 6 || total
-------------------------+-------+-------++-------
Melee: Dagger            |       |    27 ||    27
       Punch             |       |     1 ||     1
 Fire: Shortbow          |   115 |   165 ||   280
Armor: Leather armour    |    40 |    32 ||    72
Dodge: Dodged            |    77 |    52 ||   129
